 Dungeon Crawl Stone Soup version 0.23.2-40-g277498a001 (webtiles) character file.

Game seed: 5615477684304685700

5796 H0rd4k the Slicer (level 11, -5/84 HPs)
             Began as a Human Artificer on Sept 4, 2019.
             Splashed by an acid dragon's acid (11 damage)
             ... on level 9 of the Dungeon.
             The game lasted 00:21:23 (10485 turns).

H0rd4k the Slicer (Human Artificer)                Turns: 10485, Time: 00:21:23

Health: -5/84      AC: 10    Str: 14    XL:     11   Next: 6%
Magic:  0/14       EV: 16    Int: 12    God:
Gold:   372        SH:  0    Dex: 15    Spells: 10/10 levels left

rFire    x . .     SeeInvis .   l - +2 dagger (venom)
rCold    + . .     Gourm    .   (no shield)
rNeg     + + .     Faith    .   K - +3 leather armour {rN+}
rPois    .         Spirit   +   x - +0 helmet
rElec    .         Reflect  .   v - +2 cloak
rCorr    .         Harm     .   E - +0 pair of gloves
MR       .....                  t - +0 pair of boots
Stlth    ++........             u - amulet of guardian spirit
HPRegen  0.24/turn              w - ring of positive energy
MPRegen  0.14/turn              H - ring of ice

@: corroded
A: no striking features
a: no special abilities


You were on level 9 of the Dungeon.
You were hungry.

You visited 2 branches of the dungeon, and saw 11 of its levels.

You collected 372 gold pieces.

Inventory:

Hand Weapons
 a - a +0 short sword
 l - a +2 dagger of venom (weapon)
 y - a cursed -2 long sword
Missiles
 i - 3 needles of sleeping
 z - 5 tomahawks (quivered)
 C - 4 javelins
Armour
 b - a +0 leather armour
 r - a scarf of cloud immunity
 t - a +0 pair of boots (worn)
 v - a +2 cloak (worn)
 x - a +0 helmet (worn)
 E - a +0 pair of gloves (worn)
 K - a +3 leather armour of positive energy (worn)
Jewellery
 u - an amulet of guardian spirit (around neck)
 w - a ring of positive energy (left hand)
 H - a ring of ice (right hand)
Wands
 c - a wand of flame (3)
 d - a wand of enslavement (4)
 e - a wand of random effects (24)
 B - a wand of iceblast (6)
 O - a wand of acid (1)
Scrolls
 h - a scroll of fog
 j - a scroll of fear {unknown}
 p - a scroll of remove curse
 A - 3 scrolls of identify
 F - a scroll of random uselessness {unknown}
 G - 2 scrolls of magic mapping {unknown}
 I - a scroll of enchant weapon {unknown}
 J - a scroll of immolation {unknown}
 L - 2 scrolls of teleportation {unknown}
Potions
 g - 4 potions of haste
 m - 2 potions of curing
 n - 2 potions of lignification {unknown}
 o - 2 potions of flight {unknown}
 q - 2 potions of brilliance
 s - 2 potions of berserk rage
 D - a potion of mutation {unknown}
 M - 2 potions of invisibility {unknown}
 N - a potion of degeneration {unknown}
Comestibles
 f - 13 rations


   Skills:
 + Level 7.0 Fighting
 + Level 8.8 Short Blades
 + Level 7.1 Armour
 + Level 7.1 Dodging
 + Level 3.3 Stealth
 + Level 5.2 Evocations


You had 10 spell levels left.
You didn't know any spells.
Your spell library was empty.

Dungeon Overview and Level Annotations

Branches:
Dungeon (10/15)            Temple (1/1) D:4             Orc (0/2) D:10
   Lair: D:8-11

Altars:
Ashenzari
Cheibriados
Dithmenos
Elyvilon
Fedhas
Hepliaklqana
Makhleb
Nemelex Xobeh
Okawaru
Qazlal
Ru
Sif Muna
Trog
Uskayaw
Vehumet
Wu Jian
Xom
Yredelemnul
Zin
The Shining One

Annotations:
D:4 exclusions: 2 downstairs and phantom
D:5 exclusion: downstairs
D:7 exclusion: downstairs
D:9 exclusion: downstairs


Message History

An orc wizard comes into view. It is wielding a +0 dagger.
The acid dragon closely misses you.
The acid dragon claws you but does no damage.
There is a stone staircase leading up here.
The acid dragon bites you.
* * * LOW HITPOINT WARNING * * *
The acid dragon closely misses you.
You climb upwards.
Level annotation: exclusion: downstairs
There is a stone staircase leading down here.
You hit the acid dragon but do no damage.
The acid dragon is almost dead.
The acid dragon bites you.
* * * LOW HITPOINT WARNING * * *
The acid dragon closely misses you. The acid dragon spits acid at you.
The splash of acid hits you!
* * * LOW HITPOINT WARNING * * *
The acid corrodes you!
You are splashed with acid!
You die...

#.# #.# ######## #.#
#<.....# #.# #.####.#
#.###### #.# #.#
#......#
##.####.###.####.#
##..#...........#.#
#.....##.#@...<.#.######
##..####.##>D.#........#
#..####.###......####.#
#.......# #.###### #.#
#.####### #.# #># #.#
##+## #.#
###.########...## ##.##
#.........#.....##
#.(.###
#.#....##........##
#......


You could see an acid dragon.

Vanquished Creatures
  Joseph (D:9)
  A hippogriff (D:9)
  7 yaks
  A steam dragon (D:5)
  A sky beast (D:9)
  A black bear (D:9)
  3 ice beasts
  3 orc warriors
  5 ogres
  4 bullfrogs
  4 scorpions
  5 killer bees
  An electric eel (D:10)
  4 crimson imps
  A quasit (D:9)
  4 hounds
  3 jellies
  4 orc priests
  2 centaur zombies
  6 orc wizards
  2 centaur skeletons
  2 iguanas
  7 worker ants
  A killer bee zombie (D:5)
  12 adders
  2 oozes
  2 adder skeletons
  3 adder zombies
  3 worms
  A dart slug (D:3)
  2 leopard geckos
  28 orcs
  5 giant cockroaches
  7 goblins
  11 hobgoblins
  11 jackals
  4 kobolds
  3 quokkas
  4 ball pythons
  8 bats
  6 frilled lizards
  A giant cockroach zombie (D:5)
  A jackal skeleton (D:7)
  A leopard gecko skeleton (D:7)
  10 rats
198 creatures vanquished.

Vanquished Creatures (collateral kills)
  A two-headed ogre (D:8)
  An orc warrior (D:10)
  A phantom (D:8)
  A bullfrog (D:8)
  3 killer bees (D:8)
  An electric eel (D:10)
  An orc priest (D:10)
  A worker ant (D:8)
  2 adders (D:8)
12 creatures vanquished.

Vanquished Creatures (others)
  2 killer bees (D:8)
  A shadow imp (D:5)
  An orc (D:6)
  A jackal (D:6)
5 creatures vanquished.

Grand Total: 215 creatures vanquished

Notes
Turn   | Place    | Note
-------+----------+-------------------------------------------
     0 | D:1      | H0rd4k the Human Artificer began the quest for the Orb.
     0 | D:1      | Reached XP level 1. HP: 15/15 MP: 3/3
   127 | D:1      | Reached XP level 2. HP: 21/21 MP: 4/4
   340 | D:1      | Reached XP level 3. HP: 16/26 MP: 5/5
  1053 | D:2      | Found a shimmering altar of Xom.
  1122 | D:2      | Reached XP level 4. HP: 20/32 MP: 6/6
  1140 | D:2      | Reached skill level 1 in Armour
  1270 | D:2      | Found a white marble altar of Elyvilon.
  2130 | D:3      | Reached XP level 5. HP: 36/38 MP: 7/7
  2221 | D:3      | Reached skill level 2 in Short Blades
  2775 | D:4      | Found a staircase to the Ecumenical Temple.
  2973 | D:4      | Reached XP level 6. HP: 32/44 MP: 9/9
  3148 | D:4      | Found a blossoming altar of Fedhas.
  3244 | Temple   | Entered the Ecumenical Temple
  3508 | D:4      | Noticed an ogre
  3512 | D:4      | Killed an ogre
  3512 | D:4      | Reached skill level 3 in Short Blades
  3797 | D:5      | Entered Level 5 of the Dungeon
  3797 | D:5      | Noticed an orc warrior
  3887 | D:4      | Reached XP level 7. HP: 31/50 MP: 10/10
  4684 | D:5      | Reached skill level 4 in Short Blades
  4684 | D:5      | Reached XP level 8. HP: 46/57 MP: 9/11
  5605 | D:5      | Reached skill level 5 in Short Blades
  5872 | D:6      | Noticed a moth of wrath
  5875 | D:6      | Found a bloodstained altar of Trog.
  5883 | D:6      | Reached skill level 5 in Dodging
  6116 | D:7      | Reached XP level 9. HP: 65/65 MP: 12/12
  6205 | D:7      | Found a shattered altar of Ashenzari.
  6352 | D:7      | Reached skill level 5 in Armour
  6449 | D:7      | Reached skill level 6 in Short Blades
  6661 | D:7      | Found a glowing golden altar of the Shining One.
  6855 | D:8      | Noticed a two-headed ogre
  6932 | D:8      | Killed a two-headed ogre
  6932 | D:8      | Reached skill level 5 in Fighting
  6932 | D:8      | Reached skill level 7 in Short Blades
  7276 | D:8      | Reached XP level 10. HP: 71/74 MP: 11/13
  7312 | D:8      | You fall through a shaft!
  7427 | D:9      | Noticed Joseph
  7441 | D:9      | Killed Joseph
  7535 | D:9      | Reached skill level 8 in Short Blades
  7778 | D:9      | Reached skill level 5 in Evocations
  8511 | D:10     | Entered Level 10 of the Dungeon
 10050 | D:10     | Reached XP level 11. HP: 65/83 MP: 10/14
 10094 | D:10     | Noticed a two-headed ogre
 10164 | D:10     | Found a shattered altar of Ashenzari.
 10458 | D:10     | Found a staircase to the Orcish Mines.
 10485 | D:9      | Splashed by an acid dragon's acid

Skill      XL: |  1  2  3  4  5  6  7  8  9 10 11 |
---------------+----------------------------------+-----
Armour         | 1 2 3 4 6 7 |  7.1
Short Blades   | 2 3 4 5 7 8 |  8.8
Evocations     | 4 5 |  5.2
Dodging        | 3 4 5 7 |  7.1
Fighting       | 2 4 5 6 7 |  7.0
Stealth        | 2 3 |  3.3

Action                   |  1- 3 |  4- 6 |  7- 9 | 10-12 || total
-------------------------+-------+-------+-------+-------++-------
Melee: Short sword       |   112 |     2 |       |       ||   114
       Dagger            |       |   158 |   451 |   506 ||  1115
Evoke: Wand              |     3 |    11 |    12 |    12 ||    38
  Use: Potion            |       |     2 |     2 |       ||     4
       Scroll            |       |     1 |     4 |     3 ||     8
 Stab: Sleeping          |       |       |     2 |       ||     2
  Eat: Chunk             |       |     9 |     8 |    10 ||    27
       Ration            |       |       |     1 |       ||     1
Armor: Leather armour    |    35 |    30 |    32 |   118 ||   215
       Chain mail        |       |       |   207 |    25 ||   232
Dodge: Dodged            |    96 |    88 |   206 |   210 ||   600
